 Dungeon Crawl Stone Soup version 0.29.1-2-gbd0b4ee654 (webtiles) character file.

Game seed: 15657913285028805572

5068 cdecastro the Basher (level 10, -6/144 HPs)
             Began as an Ogre Berserker on Nov 17, 2022.
             Was a Priest of Trog.
             Mangled by an ogre
             ... wielding a +0 giant club
             ... led by Lodul
              (18 damage)
             ... on level 9 of the Dungeon.
             The game lasted 00:22:52 (11507 turns).

cdecastro the Basher (Ogre Berserker)              Turns: 11507, Time: 00:22:53

Health: -6/144     AC: 15    Str: 27    XL:     10   Next: 56%
Magic:  0/19       EV:  9    Int:  8    God:    Trog [***...]
Gold:   612        SH:  0    Dex:  8    Spells: 9/9 levels left

rFire   + . .      SeeInvis .   o - +2 mace (protect)
rCold   . . .      Faith    .   (no shield)
rNeg    . . .      Spirit   +   E - +0 swamp dragon scales
rPois   +          Reflect  .   (helmet restricted)
rElec   .          Harm     .   D - scarf {+Inv}
rCorr   .          Rampage  .   (gloves unavailable)
Will    +....                   (boots unavailable)
Stlth   ..........              J - amulet of guardian spirit
HPRegen 0.34/turn               q - ring of protection from fire
MPRegen 0.16/turn               I - ring of magical power

@: berserking, under a protective aura, very quick
A: large, unfitting armour, tough skin 1
a: Renounce Religion, Evoke Invisibility, Berserk, Trog's Hand


You were on level 9 of the Dungeon.
You worshipped Trog.
Trog was most pleased with you.
You visited 2 branches of the dungeon, and saw 11 of its levels.
You also visited: Ossuary.

You collected 888 gold pieces.
You spent 276 gold pieces at shops.

Inventory:

Hand Weapons
 o - a +2 mace of protection (weapon)
 y - a +1 whip of freezing
Missiles
 h - 3 boomerangs of dispersal
 i - 31 poisoned darts (quivered)
Armour
 b - a +0 animal skin
 D - a scarf of invisibility (worn)
 E - +0 swamp dragon scales (worn)
Jewellery
 q - a ring of protection from fire (left hand)
 I - a ring of magical power (right hand)
 J - an amulet of guardian spirit (around neck)
 K - a ring of see invisible
 L - an amulet of magic regeneration
Wands
 C - a wand of iceblast (16)
 G - a wand of charming (5)
 H - a wand of polymorph (13)
Scrolls
 c - 5 scrolls of amnesia
 f - 2 scrolls of summoning {unknown}
 l - 7 scrolls of vulnerability {unknown}
 m - 7 scrolls of teleportation
 n - a scroll of torment {unknown}
 r - a scroll of magic mapping
 s - 5 scrolls of enchant armour {unknown}
 v - 3 scrolls of immolation {unknown}
 x - a scroll of brand weapon {unknown}
 A - 6 scrolls of poison {unknown}
 B - 2 scrolls of fear
 F - a scroll of noise {unknown}
Potions
 a - 4 potions of ambrosia
 d - a potion of resistance
 e - 6 potions of mutation
 g - 3 potions of might
 j - 4 potions of lignification
 k - 2 potions of curing
 p - 2 potions of berserk rage
 t - a potion of attraction
 u - 4 potions of heal wounds
 w - a potion of experience {unknown}
 z - 3 potions of flight {unknown}


   Skills:
 + Level 5.1 Fighting
 - Level 14.0 Maces & Flails
 - Level 2.6 Dodging


You had 9 spell levels left.
You didn't know any spells.
Your spell library contained the following spells:

 Spells                   Type           Power      Damage    Failure   Level
 Shock                    Conj/Air       0%         1d3       54%         1
 Ensorcelled Hibernation  Hex/Ice        0%         N/A       69%         2
 Scorch                   Fire           0%         2d5       69%         2
 Conjure Flame            Conj/Fire      0%         6-21      89%         3
 Ignite Poison            Fire/Tmut/Pois 0%         N/A       89%         3
 Spider Form              Tmut/Pois      0%         N/A       89%         3
 Swiftness                Air            0%         N/A       89%         3
 Airstrike                Air            0%         2d(0-16)  100%        4
 Anguish                  Hex/Necr       0%         N/A       100%        4
 Flame Wave               Conj/Fire      0%         2d4       100%        4
 Passage of Golubria      Tloc           0%         N/A       100%        4
 Sticky Flame             Conj/Fire      0%         2d3       100%        4
 Silence                  Hex/Air        0%         N/A       100%        5
 Summon Cactus Giant      Summ           0%         N/A       100%        6
 Lehudib's Crystal Spear  Conj/Erth      0%         10d2      100%        8


Dungeon Overview and Level Annotations

Branches:
Dungeon (10/15)            Temple (1/1) D:6            Lair (0/5) D:9
    Orc (0/2) D:9         Ossuary (visited)

Altars:
Ashenzari
Cheibriados
Dithmenos
Elyvilon
Fedhas
Gozag
Kikubaaqudgha
Makhleb
Nemelex Xobeh
Okawaru
Qazlal
Ru
Sif Muna
Trog
Uskayaw
Vehumet
Wu Jian
Xom
Yredelemnul
The Shining One

Shops:
D:2 ?

Annotations:
D:3 1 runed translucent door, kingsuperguy's ghost, amateur MiBe
D:4 Blork the orc; Eustachio
D:5 1 runed translucent door, Crazy Yiuf
D:6 5 runed translucent doors
D:7 Dowan; Duvessa
D:9 Lodul


Innate Abilities, Weirdness & Mutations

You are too large for most types of armour.
You have tough skin. (AC +1)


Message History

Unknown command.
A red film seems to cover your vision as you go berserk!
You feel yourself moving faster!
You feel mighty! Lodul hits you with a +0 dire flail!!
* * * LOW HITPOINT WARNING * * *
Unknown command.
You sock Lodul!
Your weapon exudes an aura of protection.
Lodul is lightly wounded.
The ogre hits you with a +0 giant club. The ogre hits you but does no damage.
Unknown command.
You sock Lodul!
Lodul is moderately wounded.
Lodul closely misses you.
Unknown command.
You sock Lodul!
Lodul is heavily wounded.
Unknown command.
You hit Lodul.
Lodul is heavily wounded.
The ogre hits you with a +0 giant club!
* * * LOW HITPOINT WARNING * * *
The ogre barely misses you.
Unknown command.
You sock Lodul!
Lodul is severely wounded.
Lodul hits you with a +0 dire flail!
* * * LOW HITPOINT WARNING * * *
Unknown command.
You sock Lodul!
Lodul is severely wounded.
Unknown command.
You thump Lodul!
Lodul is almost dead.
Unknown command.
You are too berserk!
You barely miss Lodul.
Lodul is almost dead.
The ogre hits you with a +0 giant club!!
You die...

### ########.########
#...............# ###
#.######.######.# #.# #.# #.#
###.########## #.# #.# #.#
#............# #.# #.# #.#
###.########.# #.#
#.######O######.##.### #.# #.#
#.##....O@)..........# #.# #.#
#.##.###..O####.##.#.###.. #.#
#.##...................... #.#
#.##.#.......##.##.##.##.# #.#
#.##.#.......##.##.##.##.#
#.####...............##.#......
#..............)..#..##.#..##.#
#.####.#####...####............
#.# #.........# ##.#..#..#...


You could see Lodul (strong) and 2 ogres.

Vanquished Creatures
  Pikel (D:4)
  Maggie (D:7)
  A troll (D:9)
  4 yaks
  4 wyverns
  A basilisk (D:8)
  2 steam dragons
  5 water moccasins
  A sky beast (D:8)
  A black bear (D:3)
  3 ogres
  A phantom (D:7)
  2 kobold brigands
  A necrophage (D:5)
  A gnoll sergeant (D:6)
  4 bullfrogs
  A scorpion (D:6)
  A wight (D:7)
  3 killer bees (D:7)
  A howler monkey (D:6)
  2 electric eels (D:7)
  A jelly (D:5)
  2 orc priests
  3 hounds
  4 iguanas
  3 orc wizards
  8 mummies (Ossuary)
  6 adders
  4 gnolls (D:6)
  2 shadow imps (D:5)
  2 white imps
  2 ufetubi (D:7)
  2 worms (D:2)
  3 dart slugs
  20 orcs
  4 endoplasms
  5 giant cockroaches
  2 gnoll zombies (Ossuary)
  12 goblins
  9 hobgoblins
  6 jackals
  2 quokkas (D:3)
  5 ball pythons
  4 bats
  5 frilled lizards
  2 hobgoblin zombies (Ossuary)
  17 kobolds
  2 kobold zombies
  4 orc zombies
  7 rats
  A bush (D:5)
190 creatures vanquished.

Vanquished Creatures (others)
  2 fungi (D:9)
  42 plants
  2 withered plants (D:3)
46 creatures vanquished.

Grand Total: 236 creatures vanquished

Notes
Turn   | Place    | Note
-------+----------+-------------------------------------------
     0 | D:1      | cdecastro the Ogre Berserker began the quest for the Orb.
     0 | D:1      | Reached XP level 1. HP: 24/24 MP: 1/1
    45 | D:1      | Reached skill level 3 in Maces & Flails
   120 | D:1      | Reached XP level 2. HP: 25/32 MP: 2/2
   863 | D:1      | Reached XP level 3. HP: 39/39 MP: 3/3
   897 | D:2      | Reached ** piety under Trog
   942 | D:2      | Found Remmy Dain's Magic Scroll Shop.
   962 | D:2      | Reached skill level 4 in Maces & Flails
  1174 | D:2      | Bought a scroll of identify for 24 gold pieces
  1174 | D:2      | Bought a scroll of teleportation for 36 gold pieces
  1384 | D:2      | Reached XP level 4. HP: 48/48 MP: 4/4
  1664 | D:2      | Found a faded altar of an unknown god.
  2150 | D:3      | Found a shimmering altar of Xom.
  2366 | D:3      | Found a basalt altar of Yredelemnul.
  2568 | D:3      | Noticed an ogre
  2574 | D:3      | Killed an ogre
  2575 | D:3      | Reached skill level 5 in Maces & Flails
  2575 | D:3      | Reached XP level 5. HP: 54/54 MP: 5/5
  2750 | D:3      | Found a glowing golden altar of the Shining One.
  2759 | D:3      | Found a shadowy altar of Dithmenos.
  2759 | D:3      | Found a radiant altar of Vehumet.
  2760 | D:3      | Found a stormy altar of Qazlal.
  2851 | D:3      | Noticed a black bear
  2863 | D:3      | Killed a black bear
  2864 | D:3      | Reached skill level 6 in Maces & Flails
  2864 | D:3      | Reached XP level 6. HP: 62/62 MP: 6/6
  3053 | D:3      | Found a runed translucent door.
  3053 | D:3      | Noticed kingsuperguy's ghost (amateur MiBe)
  3140 | D:4      | Noticed Eustachio
  3328 | D:4      | Reached *** piety under Trog
  3335 | D:4      | Found a sand-covered staircase.
  3341 | Ossuary  | Entered an ossuary
  3592 | Ossuary  | Reached skill level 7 in Maces & Flails
  3592 | Ossuary  | Reached XP level 7. HP: 70/70 MP: 7/7
  3952 | D:4      | Noticed Pikel
  3977 | D:4      | Killed Pikel
  3978 | D:4      | Reached skill level 8 in Maces & Flails
  3978 | D:4      | Reached XP level 8. HP: 26/78 MP: 8/8
  4321 | D:4      | Noticed Blork the orc
  4500 | D:5      | Entered Level 5 of the Dungeon
  4669 | D:5      | Reached skill level 9 in Maces & Flails
  4884 | D:5      | Found an ornate altar of the Wu Jian Council.
  5115 | D:5      | Found Selikil's Magic Scroll Shoppe.
  5123 | D:5      | Bought a scroll of identify for 24 gold pieces
  5123 | D:5      | Bought a scroll of teleportation for 36 gold pieces
  5123 | D:5      | Bought a scroll of identify for 24 gold pieces
  5123 | D:5      | Bought a scroll of teleportation for 36 gold pieces
  5123 | D:5      | Bought a scroll of fear for 48 gold pieces
  5123 | D:5      | Bought a scroll of amnesia for 48 gold pieces
  5736 | D:5      | Found a runed translucent door.
  5737 | D:5      | Noticed Crazy Yiuf
  5792 | D:6      | Found a staircase to the Ecumenical Temple.
  5806 | Temple   | Entered the Ecumenical Temple
  6033 | D:6      | Reached skill level 10 in Maces & Flails
  6307 | D:6      | Found the +9 staff of Olgreb {rPois∞}
  6318 | D:6      | Found a runed translucent gate.
  6318 | D:6      | Found a runed translucent gate.
  6319 | D:6      | Found a runed translucent door.
  6392 | D:6      | Found a runed translucent gate.
  6401 | D:6      | Found a runed translucent door.
  6872 | D:7      | Reached XP level 9. HP: 84/84 MP: 9/9
  6945 | D:7      | Noticed Maggie
  6967 | D:7      | Killed Maggie
  6968 | D:7      | Reached skill level 11 in Maces & Flails
  8483 | D:7      | Noticed Duvessa
  8483 | D:7      | Noticed Dowan
  9216 | D:9      | Reached skill level 12 in Maces & Flails
  9323 | D:9      | Found a staircase to the Orcish Mines.
  9673 | D:9      | Reached XP level 10. HP: 92/92 MP: 10/10
  9676 | D:9      | Reached skill level 13 in Maces & Flails
 10995 | D:9      | Found a staircase to the Lair.
 11203 | D:9      | Reached skill level 14 in Maces & Flails
 11434 | D:10     | Entered Level 10 of the Dungeon
 11439 | D:10     | Noticed Lodul
 11454 | D:9      | Reached skill level 5 in Fighting
 11507 | D:9      | Mangled by an ogre

Illustrated notes

Levels and vault maps discovered:
D:1:      ncdulo_lavacross, layout_loops_ring
D:2:      layout_basic, ebering_ecumenical_altar_webs, serial_shops, shop,
          solitary_fountain
D:3:      layout_basic, yredelemnul_altar_generic, overflow_temple_1_default,
          minitemple, gammafunk_ghost_grave
D:4:      layout_gridville, enter_ossuary_3, uniq_blork_the_orc, uniq_pikel,
          uniq_eustachio
D:5:      layout_loops_corners, mainiacjoe_overflow_concentric_impassable,
          serial_shops, shop, uniq_crazy_yiuf_cottage
D:6:      layout_basic, minmay_temple_entry_statues_fountains, kennysheep_nub,
          minmay_misc_feat_square, minmay_guarded_unrand_staff_of_olgreb
D:7:      layout_gridville, serial_bayou, serial_bayou_pond_e,
          serial_bayou_lagoon_a, serial_bayou_pond_b, serial_bayou_pond_a,
          serial_bayou_lagoon_b, uniq_duvessa, uniq_maggie
D:8:      layout_cave_pods, minmay_misc_feat_plants
D:9:      layout_basic, minmay_lair_entry_grove, orc_0_dummy,
          minmay_strange_pillars
D:10:     layout_cave_pools, jmf_multi_god_temple2, uniq_lodul
Temple:   nicolae_temple_ecumenical_triangle

Skill      XL: |  1  2  3  4  5  6  7  8  9 10 |
---------------+-------------------------------+-----
Maces & Flails | 3 4 5 6 7 8 10 12 14 | 14.0
Fighting       | 5 |  5.1
Dodging        | |  2.6

Action                   |  1- 3 |  4- 6 |  7- 9 | 10-12 || total
-------------------------+-------+-------+-------+-------++-------
Melee: Mace              |    85 |   147 |   402 |   114 ||   748
       Punch             |     1 |     3 |     7 |     2 ||    13
Invok: Berserk           |       |     6 |    12 |     7 ||    25
  Use: Scroll            |     3 |       |     9 |       ||    12
       Potion            |       |       |     1 |       ||     1
Armor: Animal skin       |    35 |    63 |    62 |       ||   160
       Swamp dragon scal |       |       |    86 |    41 ||   127
Dodge: Dodged            |    57 |    73 |   173 |    36 ||   339
